 Dungeon Crawl Stone Soup version 0.22-a0-603-gfc1114d (webtiles) character file.

319 sking99 the Insei (level 6, -2/50 HPs)
             Began as a Draconian Transmuter on July 7, 2018.
             Was an Initiate of Okawaru.
             Killed from afar by an orc wizard (5 damage)
             ... with a puff of flame
             ... on level 4 of the Dungeon.
             The game lasted 00:06:04 (3614 turns).

sking99 the Insei (Draconian Transmuter)            Turns: 3614, Time: 00:06:04

Health: -2/50      AC:  7    Str: 12    XL:     6   Next: 21%
Magic:  9/9        EV: 12    Int: 14    God:    Okawaru [......]
Gold:   240        SH:  0    Dex: 13    Spells: 6/9 levels left

rFire    . . .     SeeInvis .     - Unarmed
rCold    . . .     Gourm    .   (no shield)
rNeg     . . .     Faith    .   (armour unavailable)
rPois    .         Spirit   .   (helmet restricted)
rElec    .         Reflect  .   (no cloak)
rCorr    .         Harm     .   r - +0 pair of gloves (curse)
MR       .....                  (no boots)
Stlth    +.........             (no amulet)
HPRegen  0.16/turn              (no ring)
MPRegen  0.11/turn              (no ring)

@: no status effects
A: unfitting armour, cold-blooded, AC +6
a: Renounce Religion


You were on level 4 of the Dungeon.
You worshipped Okawaru.
Okawaru was noncommittal.
You were not hungry.

You visited 1 branch of the dungeon, and saw 4 of its levels.

You collected 240 gold pieces.

Inventory:

Missiles
 a - 43 arrows
Armour
 r - a cursed +0 pair of gloves (worn)
 t - a +0 buckler
Jewellery
 d - an uncursed ring of see invisible {unknown}
Scrolls
 b - 2 scrolls of fear {unknown}
 e - 2 scrolls of teleportation {unknown}
 i - a scroll of immolation {unknown}
 j - 2 scrolls of amnesia {unknown}
 k - 2 scrolls of fog {unknown}
 l - 2 scrolls of remove curse {unknown}
 m - a scroll of magic mapping {unknown}
 n - a scroll of noise {unknown}
 p - a scroll of enchant weapon {unknown}
 q - 3 scrolls of identify {unknown}
Potions
 f - 3 potions of brilliance {unknown}
 g - a potion of ambrosia {unknown}
 h - a potion of might {unknown}
 o - a potion of heal wounds {unknown}
 s - a potion of degeneration {unknown}
Comestibles
 c - 7 rations
 u - a chunk of flesh


   Skills:
 + Level 2.5 Fighting
 + Level 2.1 Dodging
 * Level 5.3 Unarmed Combat
 - Level 2.0 Spellcasting
 * Level 4.1 Transmutations


You had 6 spell levels left.
You knew the following spells:

 Your Spells              Type           Power        Failure   Level  Hunger
a - Beastly Appendage     Tmut           ##....       4%          1    ##.....
b - Sticks to Snakes      Tmut           ##......     7%          2    ###....

Your spell library contained the following spells:

 Spells                   Type           Power        Failure   Level  Hunger
 Spider Form              Tmut/Pois      #.........   30%         3    ####...
 Blade Hands              Tmut           ##........   77%         5    ######.
 Ice Form                 Ice/Tmut       #.......     71%         4    #####..


Dungeon Overview and Level Annotations

Branches:
Dungeon (4/15)
 Temple: D:4-7

Altars:
Dithmenos
Okawaru
Trog
Xom
Yredelemnul
Zin


Innate Abilities, Weirdness & Mutations

Your plain brown scales are hard. (AC +6)
You cannot fit into any form of body armour.
You are cold-blooded and may be slowed by cold attacks.


Message History

You hit the orc wizard.
You tail-slap the orc wizard, but do no damage.
The orc wizard is heavily wounded.
The orc wizard hits you but does no damage.
Okay, then.
You hit the orc wizard.
The orc wizard is severely wounded.
The orc priest calls upon Beogh to heal the orc wizard.
The orc wizard is healed somewhat.
The orc wizard barely misses you.
You barely miss the orc wizard. Your punch misses the orc wizard.
The orc wizard is moderately wounded.
You miss the orc wizard.
The orc wizard is moderately wounded.
The orc wizard casts a spell at you. The magic dart hits you!
* * * LOW HITPOINT WARNING * * *
Unknown command.
The orc wizard casts a spell at you. The puff of flame hits you!
You die...

.. # #. .. #. .# .##
#####.# >). ...#.#
#.#####....#
#.......!!.#
#.###.#####...#
#?...oo.@....##
#.#..#######.# #..
##.## #.#
#..######[..######.##
#..#............#...
#....####...###.#..#
##. ##.## #.#..#
#.#####.# #.#..#
........####.#..####


You could see an orc priest and an orc wizard.

Vanquished Creatures
  A bullfrog skeleton (D:4)
  An orc priest (D:3)
  An orc wizard (D:4)
  3 adders
  4 oozes
  An adder skeleton (D:4)
  3 worms (D:2)
  4 leopard geckos
  3 orcs
  7 giant cockroaches
  2 gnoll zombies (D:2)
  6 goblins
  12 hobgoblins
  2 jackals (D:4)
  13 kobolds
  A quokka (D:3)
  A ball python (D:1)
  4 bats
  4 frilled lizards
  A rat (D:1)
74 creatures vanquished.

Vanquished Creatures (collateral kills)
  An ogre (D:3)
  An orc priest (D:4)
  Jessica (D:2)
  An adder (D:2)
  An adder skeleton (D:2)
  2 orcs (D:4)
  A quokka (D:2)
  A rat (D:2)
9 creatures vanquished.

Grand Total: 83 creatures vanquished

Notes
Turn   | Place    | Note
-------+----------+-------------------------------------------
     0 | D:1      | sking99 the Draconian Transmuter began the quest for the Orb.
     0 | D:1      | Reached XP level 1. HP: 16/16 MP: 3/3
   267 | D:1      | Reached XP level 2. HP: 19/23 MP: 5/5
   718 | D:1      | Reached XP level 3. HP: 28/29 MP: 6/6
   722 | D:1      | Learned a level 2 spell: Sticks to Snakes
   836 | D:1      | Reached skill level 4 in Unarmed Combat
  1218 | D:2      | Found a bloodstained altar of Trog.
  1255 | D:2      | Reached XP level 4. HP: 29/36 MP: 5/7
  1289 | D:2      | Found an iron altar of Okawaru.
  1356 | D:2      | Became a worshipper of Warmaster Okawaru
  1595 | D:2      | Noticed Jessica
  1605 | D:2      | Killed Jessica
  1821 | D:2      | Found a basalt altar of Yredelemnul.
  1889 | D:3      | Reached XP level 5. HP: 34/41 MP: 6/8
  1921 | D:3      | Found a shadowy altar of Dithmenos.
  2341 | D:3      | Reached skill level 5 in Unarmed Combat
  2407 | D:3      | Found a shimmering altar of Xom.
  2409 | D:3      | Found a shimmering altar of Xom.
  2441 | D:3      | Found a shimmering altar of Xom.
  2445 | D:3      | Found a shimmering altar of Xom.
  2615 | D:3      | You fall through a shaft!
  2673 | D:4      | HP: 1/41 [orc priest/divine providence (11)]
  3008 | D:3      | Noticed an ogre
  3042 | D:3      | Killed an ogre
  3042 | D:3      | Reached XP level 6. HP: 13/50 MP: 3/9
  3385 | D:3      | Found a glowing silver altar of Zin.
  3614 | D:4      | Killed from afar by an orc wizard

Vault maps used:
D:1:      eino_arrival_water_star
D:2:      lemuel_zombie_altar_yredelemnul, lemuel_doored_altar,
          overflow_temple_1_default, kennysheep_jessica_study
D:3:      xom_redecorated, zin_statuary, grunt_dithmenos_smoke
D:4:      kennysheep_mini_moat, minmay_temple_entry_enclosed_plants,
          first_ration, uniq_edmund, uniq_duvessa

Skill      XL: |  1  2  3  4  5 |
---------------+----------------+-----
Fighting       | 2 |  2.5
Unarmed Combat | 4 5 |  5.3
Transmutations | 3 4 |  4.1
Dodging        | 2 |  2.1
Spellcasting   | |  2.0

Action                   |  1- 3 |  4- 6 || total
-------------------------+-------+-------++-------
Melee: Unarmed           |   119 |   159 ||   278
       Tailslap          |     9 |    25 ||    34
       Punch             |     1 |     2 ||     3
       Headbutt          |       |     1 ||     1
 Cast: Sticks to Snakes  |     2 |     7 ||     9
       Beastly Appendage |       |     1 ||     1
 Stab: Sleeping          |       |     3 ||     3
  Eat: Chunk             |     1 |     6 ||     7
       Ration            |       |     1 ||     1
Armor: Skin              |    25 |    47 ||    72
Dodge: Dodged            |    78 |    92 ||   170

Table legend:
 A = Spawn XP
 B = Non-spawn XP
 C = Spawn XP percentage of total XP
 D = Spawn monster count
 E = Non-spawn monster count
 F = Spawn count percentage of total count
 G = Total turns spent on level
                    A         B        C        D         E        F      G
               +---------+---------+-------+---------+---------+-------+---------
         Total |       0 |     456 |   0.0 |       0 |      83 |   0.0 |  3614
               +---------+---------+-------+---------+---------+-------+---------
           D:1 |       0 |      59 |   0.0 |       0 |      26 |   0.0 |   941
           D:2 |       0 |     105 |   0.0 |       0 |      23 |   0.0 |   943
           D:3 |       0 |     183 |   0.0 |       0 |      24 |   0.0 |  1182
           D:4 |       0 |     109 |   0.0 |       0 |      10 |   0.0 |   548
               +---------+---------+-------+---------+---------+-------+---------
